 Dungeon Crawl Stone Soup version 0.32-a0-422-g28b100f618 (webtiles) character file.

Game seed: 17824380828000063045

1629 javelincjr the Grasshopper (level 8, -8/61 HPs)
             Began as a Coglin Warper on Feb 20, 2024.
             Was an Initiate of the Shining One.
             Mangled by a fire elemental (12 damage)
             ... created by the fiery vengeance of Ignis
             ... on level 5 of the Dungeon on Feb 21, 2024.
             The game lasted 00:25:53 (4357 turns).

javelincjr the Grasshopper (Coglin Warper)          Turns: 4357, Time: 00:25:54

Health: -8/61      AC: 15    Str: 13    XL:     8   Next: 97%
Magic:  12/13      EV: 13    Int: 14    God:    the Shining One [......]
Gold:   270        SH:  0    Dex: 13    Spells: 5/14 levels left

rFire   . . .        H - +4 flail (protect) {Tomás}
rCold   . . .        g - +2 dagger (speed) {Tae}
rNeg    . . .        F - +2 robe {Will+}
rPois   +            a - +0 helmet
rElec   .            (no cloak)
rCorr   .            t - +1 pair of gloves
SInv    .            K - +0 pair of boots
Will    ++...        (no amulet)
Stlth   +            f - ring of poison resistance
HPRegen 0.30/turn    (no ring)
MPRegen 0.13/turn

%: no passive effects
@: mighty, under a protective aura, on blink cooldown, immotile, enlightened,
flying, glowing, fire susceptible, revved
A: off-hand wielding, slow wielding, warmup strikes, legs shutdown
a: Renounce Religion


You were on level 5 of the Dungeon.
You worshipped the Shining One.
The Shining One was noncommittal.
You visited 2 branches of the dungeon, and saw 6 of its levels.

You collected 270 gold pieces.

Inventory:

Hand Weapons
 e - a +2 heavy hand axe
 g - a +2 dagger of speed (offhand) {Tae}
 i - a +0 war axe {Yolanda}
 j - a +2 dagger of venom {Khenut}
 q - a +3 dagger
 v - a +2 spear of pain
 x - a +1 mace of draining
 z - a +1 dagger of speed {Sieglinde}
 G - a +1 hand axe of flaming
 H - a +4 flail of protection (weapon) {Tomás}
 M - a +3 spear of freezing
 O - a +4 dagger
Missiles
 d - 7 darts of dispersal
 y - 3 javelins
 C - 8 boomerangs (quivered)
 L - 3 poisoned darts
Armour
 a - a +0 helmet (worn)
 t - a +1 pair of gloves (worn)
 E - a +0 scale mail
 F - a +2 robe of willpower (worn)
 K - a +0 pair of boots (worn)
 P - a +0 plate armour
Jewellery
 f - a ring of poison resistance (left grasper)
Wands
 b - a wand of polymorph (4)
Scrolls
 o - a scroll of silence
 r - 3 scrolls of enchant armour {unknown}
 s - a scroll of revelation {unknown}
 u - 2 scrolls of teleportation {unknown}
 I - a scroll of poison {unknown}
 J - a scroll of immolation {unknown}
Potions
 h - 2 potions of attraction
 m - a potion of lignification {unknown}
 n - 4 potions of curing
 p - a potion of enlightenment
 w - 2 potions of mutation
 A - a potion of haste {unknown}
 B - a potion of invisibility {unknown}
 D - a potion of berserk rage {unknown}
 N - a potion of heal wounds {unknown}


   Skills:
 + Level 4.6 Fighting
 + Level 3.4 Short Blades
 - Level 4.0(4.2) Axes
 + Level 1.4(2.7) Maces & Flails
 - Level 1.1 Throwing
 + Level 3.7 Armour
 + Level 4.0 Dodging
 + Level 3.6 Spellcasting
 + Level 5.0 Translocations
 + Level 2.1 Evocations


You had 5 spell levels left.
You knew the following spells:

 Your Spells              Type           Power      Damage    Failure   Level
a - Blink                 Tloc           32%        N/A       3%          2
b - Lesser Beckoning      Tloc           32%        N/A       3%          2
c - Teleport Other        Tloc           16%        N/A       8%          3
d - Momentum Strike       Conj/Tloc      18%        3d8       11%         2

Your spell library contained the following spells:

 Spells                   Type           Power      Damage    Failure   Level
 Apportation              Tloc           32%        N/A       2%          1
 Necrotise                Necr           8%         1d4       21%         1
 Sting                    Conj/Alch      8%         1d3       21%         1
 Summon Small Mammal      Summ           8%         N/A       21%         1
 Manifold Assault         Tloc           16%        N/A       26%         4
 Dazzling Flash           Conj/Hex       4%         N/A       52%         3
 Mephitic Cloud           Conj/Alch/Air  2%         N/A       52%         3
 Vhi's Electric Charge    Tloc/Air       18%        N/A       56%         4
 Animate Dead             Necr           2%         N/A       89%         4
 Borgnjor's Vile Clutch   Necr/Erth      1%         N/A       99%         5
 Curse of Agony           Necr           2%         N/A       99%         5
 Silence                  Hex/Air        1%         N/A       99%         5
 Death Channel            Necr           1%         N/A       100%        6


Dungeon Overview and Level Annotations

Branches:
Dungeon (5/15)             Temple (1/1) D:5

Altars:
Ashenzari
Cheibriados
Dithmenos
Elyvilon
Fedhas
Gozag
Hepliaklqana
Kikubaaqudgha
Makhleb
Nemelex Xobeh
Okawaru
Qazlal
Ru
Sif Muna
Trog
Uskayaw
Vehumet
Wu Jian
Xom
Yredelemnul
Zin
The Shining One
Ignis

Shops:
D:5 *


Innate Abilities, Weirdness & Mutations

You can wield a second weapon in your off-hand.
It takes a long time for you to wield or remove held weapons.
Your first few attacks do less damage.
Attacking and casting redirects power from your legs.


Message History

The fire elemental is almost destroyed.
You completely miss the fire elemental with your +3 flail of protection.
The fire elemental misses you. x2
Casting: Blink (safe; 3% risk of failure)
Confirm with . or Enter, or press ? or * to list all spells.
You blink.
As you read the scroll labelled VAHURY RYLU, it crumbles to dust.
It is a scroll of enchant weapon.
Your +3 flail of protection {Tomás} glows red for a moment.
You are no longer unable to travel.
It was a potion of enlightenment.
You feel very buoyant.
You fly up into the air.
You are too injured to fight recklessly!
You closely miss the fire elemental with your +4 flail of protection.
The fire elemental is almost destroyed.
You closely miss the fire elemental with your +2 dagger of speed.
The fire elemental closely misses you.
You sock the fire elemental with your +4 flail of protection!
Your weapon exudes an aura of protection.
You destroy the fire elemental!
That felt strangely unrewarding.
You sock the fire elemental with your +4 flail of protection!
The fire elemental is heavily damaged.
You hit the fire elemental with your +2 dagger of speed.
The fire elemental hits you. The fire elemental burns you!
* * * LOW HITPOINT WARNING * * *
You closely miss the fire elemental with your +4 flail of protection.
The fire elemental is severely damaged.
You barely miss the fire elemental with your +2 dagger of speed.
The fire elemental barely misses you.
You closely miss the fire elemental with your +4 flail of protection.
The fire elemental is severely damaged.
You puncture the fire elemental with your +2 dagger of speed!
You destroy the fire elemental!
That felt strangely unrewarding.
The fire elemental hits you. The fire elemental burns you!
* * * LOW HITPOINT WARNING * * *
The fire elemental hits you. The fire elemental burns you!
You die...

..# #######......# .##
#.....#......#
.######.....#......#
!.##...............# #####
...................######...#
..#####.....................#
..# #......#........###...#
..# #......#........# #...#
.### #.........@.....###.###
...# ##.###.#...E....#...#
##.# #.# #.#..°○....#.###
##.# #.# #.#..°.°.....# ##.#
#.# #.#..°......## .#.#
##<###.#...°....##
'######..##..#........#
..#.##..##..###.###.###
∩.#...............#○#


You could see a fire elemental.

Vanquished Creatures
  Grinder (D:4)
  3 fire elementals (D:5)
  Menkaure (D:5)
  Edmund (D:4)
  A water moccasin (D:5)
  Duvessa (D:5)
  An ogre (D:3)
  Blork the orc (D:4)
  A scorpion (D:4)
  5 wights (D:5)
  Dowan (D:5)
  A jelly (D:5)
  An orc priest (D:5)
  2 hounds (D:5)
  A sleepcap (D:3)
  Jessica (D:3)
  An orc wizard (D:5)
  3 iguanas (D:5)
  5 adders
  2 dart slugs
  3 ribbon worms
  8 orcs
  9 ball pythons
  6 endoplasms
  4 giant cockroaches
  13 goblins
  3 hobgoblins
  6 jackals
  11 kobolds
  A quokka (D:2)
  5 bats
  3 frilled lizards
  8 rats
114 creatures vanquished.

Vanquished Creatures (others)
  68 foxfires
68 creatures vanquished.

Grand Total: 182 creatures vanquished

Notes
Turn   | Place    | Note
-------+----------+-------------------------------------------
     0 | D:1      | javelincjr the Coglin Warper began the quest for the Orb.
     0 | D:1      | Reached XP level 1. HP: 16/16 MP: 3/3
    55 | D:1      | Reached skill level 1 in Throwing
    55 | D:1      | Reached skill level 1 in Armour
   163 | D:1      | Reached XP level 2. HP: 19/22 MP: 4/4
   525 | D:1      | Reached XP level 3. HP: 23/27 MP: 5/5
   815 | D:2      | Reached XP level 4. HP: 33/34 MP: 7/7
   869 | D:2      | Found a faded altar of an unknown god.
   875 | D:2      | Prayed at the altar of an unknown god.
   875 | D:2      | Became a worshipper of Ignis, the Dying Flame
  1225 | D:3      | Reached skill level 1 in Short Blades
  1368 | D:3      | Noticed an ogre
  1384 | D:3      | Reached XP level 5. HP: 37/39 MP: 8/8
  1392 | D:3      | Killed an ogre
  1656 | D:3      | Learned a level 2 spell: Blink
  1659 | D:3      | Learned a level 2 spell: Lesser Beckoning
  1694 | D:3      | Reached XP level 6. HP: 44/46 MP: 9/9
  1739 | D:3      | Found a stormy altar of Qazlal.
  1964 | D:3      | Noticed Jessica
  1968 | D:3      | Killed Jessica
  2124 | D:4      | Noticed Blork the orc
  2124 | D:4      | Noticed Grinder
  2127 | D:4      | Killed Blork the orc
  2127 | D:4      | Killed Grinder
  2128 | D:4      | Reached skill level 4 in Translocations
  2128 | D:4      | Reached XP level 7. HP: 52/52 MP: 9/11
  2174 | D:4      | Noticed Edmund
  2200 | D:4      | Killed Edmund
  2919 | D:5      | Entered Level 5 of the Dungeon
  2963 | D:5      | Noticed Menkaure
  2969 | D:5      | Killed Menkaure
  2970 | D:5      | Reached XP level 8. HP: 59/60 MP: 12/12
  2972 | D:5      | Upgraded the game from 0.32-a0-411-g744942f433 to
                  | 0.32-a0-422-g28b100f618
  3335 | D:5      | Learned a level 3 spell: Teleport Other
  3405 | D:5      | Found a staircase to the Ecumenical Temple.
  3429 | D:5      | Reached skill level 1 in Evocations
  3458 | D:5      | Reached skill level 1 in Maces & Flails
  3475 | Temple   | Entered the Ecumenical Temple
  3490 | Temple   | Fell from the grace of Ignis
  3490 | Temple   | Became a worshipper of the Shining One
  3566 | D:5      | Noticed Dowan
  3567 | D:5      | Noticed Duvessa
  3587 | D:5      | Killed Duvessa
  3592 | D:5      | Killed Dowan
  3917 | D:5      | The Shining One protects you from harm!
  4131 | D:5      | Learned a level 2 spell: Momentum Strike
  4144 | D:5      | Found Riuph's Serpentskin Sales.
  4148 | D:5      | Reached skill level 5 in Translocations
  4357 | D:5      | Mangled by a fire elemental

Illustrated notes

Levels and vault maps discovered:
D:1:      lightli_arrival_quake, layout_basic, hangedman_decor_clover_reticule
D:2:      layout_rooms, dreamdust_ecumenical_altar_angels_and_demons
D:3:      kb_forest_paths, layout_basic, nicolae_qazlal_general_emergency,
          supply_closet_lemuel, minmay_ogre_servants, uniq_jessica
D:4:      layout_rooms, uniq_blork_the_orc, uniq_grinder, uniq_edmund
D:5:      layout_rooms, minmay_temple_entry_large_hall, kennysheep_small_spiral,
          serial_bayou_lagoon_a, guppyfry_shop_venom, uniq_menkaure,
          uniq_duvessa
Temple:   roderic_octagonal_lattice_temple

Skill      XL: |  1  2  3  4  5  6  7  8 |
---------------+-------------------------+-----
Throwing       | 1 |  1.1
Armour         | 1 2 3 |  3.7
Dodging        | 2 3 4 |  4.0
Spellcasting   | 2 3 |  3.6
Short Blades   | 1 2 3 |  3.4
Fighting       | 3 4 |  4.6
Axes           | 3 4 |  4.0
Translocations | 4 5 |  5.0
Evocations     | 2 |  2.1
Maces & Flails | 1 |  1.4

Action                     |  1- 3 |  4- 6 |  7- 9 || total
---------------------------+-------+-------+-------++-------
  Melee: Hand axe          |    10 |       |       ||    10
         Dagger            |    67 |   231 |   174 ||   472
         War axe           |     1 |       |       ||     1
         Flail             |       |       |   130 ||   130
  Throw: Boomerang         |       |       |    23 ||    23
   Cast: Blink             |       |       |     3 ||     3
         Lesser Beckoning  |       |       |     1 ||     1
 Invoke: Foxfire Swarm     |       |     1 |     3 ||     4
    Use: Scroll            |     3 |     1 |     5 ||     9
         Potion            |       |       |     3 ||     3
 Armour: Leather armour    |    17 |    48 |    15 ||    80
         Robe              |       |       |   103 ||   103
  Dodge: Dodged            |    28 |    43 |    94 ||   165

Table legend: (Time is in decaauts)
 A = Elapsed time spent in this place.
 B = Non-inter-level travel time spent in this place.
 C = Inter-level travel time spent in this place.
 D = Time resting spent in this place.
 E = Time spent auto-exploring this place.
 F = Levels seen in this place.
 G = Mean time per level.
                   A        B        C        D        E       F      G
               +--------+--------+--------+--------+--------+-----+--------+
         Total |   4301 |   4141 |    160 |    523 |   2655 |   6 |  716.8 |
       Dungeon |   4220 |   4089 |    131 |    523 |   2605 |   5 |  844.0 |
        Temple |     80 |     51 |     29 |      0 |     50 |   1 |   80.0 |
               +--------+--------+--------+--------+--------+-----+--------+

Top non-repeatable levels by time:
     D:3: 1132 daAuts
     D:5: 1092 daAuts
     D:4: 798 daAuts
     D:1: 706 daAuts
     D:2: 491 daAuts
  Temple: 80 daAuts
